 Dungeon Crawl Stone Soup version 0.31-b1-22-gc680215f68 (webtiles) character file.

Game seed: 9098769111449341029

73 Destinykillz the Digger (level 4, -1/24 HPs)
             Began as a Gargoyle Earth Elementalist on Jan 19, 2024.
             Blown up by Ijyb (6 damage)
             ... with a mindburst bolt
             ... on level 3 of the Dungeon.
             The game lasted 00:04:35 (2494 turns).

Destinykillz the Digger (GrEE)                      Turns: 2494, Time: 00:04:35

Health: -1/24      AC:  8    Str: 12    XL:     4   Next: 27%
Magic:  6/7        EV: 12    Int: 17    God:
Gold:   157        SH:  0    Dex: 10    Spells: 6/7 levels left

rFire   . . .        (no weapon)
rCold   . . .        (no shield)
rNeg    + . .        a - +0 robe
rPois   ∞            f - +0 helmet
rElec   +            q - +1 cloak
rCorr   .            (no gloves)
SInv    .            (no boots)
Will    +....        (no amulet)
Stlth   ++           u - ring of willpower
HPRegen 0.24/turn    (no ring)
MPRegen 0.10/turn

%: no passive effects
@: no status effects
A: sickness immunity, AC +3, negative energy resistance 1, electricity
resistance, torment resistance 1, petrification resistance
a: no special abilities


You were on level 3 of the Dungeon.
You visited 1 branch of the dungeon, and saw 3 of its levels.

You collected 157 gold pieces.

Inventory:

Missiles
 s - a throwing net
Armour
 a - a +0 robe (worn)
 d - a +0 scale mail
 e - a +0 cloak
 f - a +0 helmet (worn)
 q - a +1 cloak (worn)
Jewellery
 u - a ring of willpower (left hand)
Talismans
 m - a beast talisman
Scrolls
 g - a scroll of fog {unknown}
 k - a scroll of enchant armour {unknown}
 l - 3 scrolls of teleportation {unknown}
 n - a scroll of blinking {unknown}
 o - 2 scrolls of poison {unknown}
 p - 2 scrolls of identify {unknown}
 t - a scroll of brand weapon {unknown}
Potions
 c - 2 potions of haste {unknown}
 h - a potion of might {unknown}
 i - a potion of curing {unknown}
 j - a potion of cancellation {unknown}
 r - a potion of lignification {unknown}


   Skills:
 + Level 2.0 Dodging
 * Level 3.4 Stealth
 + Level 2.4 Spellcasting
 + Level 2.1 Conjurations
 + Level 4.0 Earth Magic


You had 6 spell levels left.
You knew the following spells:

 Your Spells              Type           Power      Damage    Failure   Level
a - Sandblast             Erth           30%        2d9       3%          1

Your spell library contained the following spells:

 Spells                   Type           Power      Damage    Failure   Level
 Passwall                 Erth           15%        N/A       11%         3
 Stone Arrow              Conj/Erth      24%        3d8       16%         3
 Brom's Barrelling Bould  Conj/Erth      12%        2d4       45%         4
 Petrify                  Alch/Erth      9%         N/A       63%         4


Dungeon Overview and Level Annotations

Branches:
Dungeon (3/15)

Altars:

Annotations:
D:3 Ijyb


Innate Abilities, Weirdness & Mutations

You are immune to sickness and miasma.
Your stone body is resilient. (AC +3)
You are immune to poison.
You resist negative energy. (rN+)
You are resistant to electric shocks. (rElec)
You are resistant to unholy torment.
You are immune to petrification.


Message History

Aim: Ijyb, wielding a +0 dagger, wearing a +0 scale mail and carrying a wand of mindburst (lightly wounded, 80% to hit)
The blast of sand hits Ijyb but does no damage.
Ijyb is lightly wounded.
Ijyb zaps a wand.
Your mind is blasted!
* * * LOW HITPOINT WARNING * * *
Ijyb zaps a wand.
You resist with some effort.
You hit Ijyb but do no damage.
Ijyb is lightly wounded.
Ijyb hits you but does no damage.
You hit Ijyb.
Ijyb is lightly wounded.
Ijyb zaps a wand.
You resist with some effort.
You hit Ijyb but do no damage.
Ijyb is lightly wounded.
Ijyb closely misses you.
You hit Ijyb but do no damage.
Ijyb is lightly wounded.
Ijyb hits you but does no damage.
You barely miss Ijyb.
Ijyb is lightly wounded.
Ijyb closely misses you. Magic courses through your body.
Ijyb completely misses you.
Casting: Sandblast (safe; 3% risk of failure)
Confirm with . or Enter, or press ? or * to list all spells.
Aiming: Sandblast (safe; 3% risk of failure)
Press: ? - help, Shift-Dir - straight line, f/p - Ijyb
Aim: Ijyb, wielding a +0 dagger, wearing a +0 scale mail and carrying a wand of mindburst (lightly wounded, 80% to hit)
The blast of sand hits Ijyb but does no damage.
Ijyb is lightly wounded.
Ijyb hits you with a +0 dagger.
* * * LOW HITPOINT WARNING * * *
Casting: Sandblast (safe; 3% risk of failure)
Confirm with . or Enter, or press ? or * to list all spells.
Aiming: Sandblast (safe; 3% risk of failure)
Press: ? - help, Shift-Dir - straight line, f/p - Ijyb
Aim: Ijyb, wielding a +0 dagger, wearing a +0 scale mail and carrying a wand of mindburst (lightly wounded, 80% to hit)
The blast of sand hits Ijyb but does no damage.
Ijyb is lightly wounded.
Ijyb hits you but does no damage.
Ijyb zaps a wand.
Your mind is blasted!
You die...

### ..#
#.# #.#
#..#.#
#..#g#
#..#@#
########
#..#.#
#..<...#
#..#.#
#.#.##.#
#..#.#
#.#.##.#
#..#.##
#.#.##.#
#.....#
#.#.##.#
#..####
#.#.##.#
#(##
#.#....#
#.#


You could see Ijyb.

Vanquished Creatures
  2 adders (D:2)
  A ribbon worm (D:2)
  2 dart slugs
  4 endoplasms (D:1)
  2 giant cockroaches (D:1)
  4 goblins (D:1)
  6 hobgoblins
  4 kobolds
  2 quokkas (D:1)
  4 ball pythons
  5 bats
  3 frilled lizards (D:1)
  7 rats
46 creatures vanquished.

Notes
Turn   | Place    | Note
-------+----------+-------------------------------------------
     0 | D:1      | Destinykillz the Gargoyle Earth Elementalist began the
                  | quest for the Orb.
     0 | D:1      | Reached XP level 1. HP: 10/10 MP: 3/3
   224 | D:1      | Reached XP level 2. HP: 15/15 MP: 1/5
   678 | D:1      | Reached XP level 3. HP: 19/19 MP: 4/6
  1362 | D:2      | Reached skill level 4 in Earth Magic
  1535 | D:2      | Reached XP level 4. HP: 24/24 MP: 3/7
  2476 | D:3      | Noticed Ijyb
  2494 | D:3      | Blown up by Ijyb

Illustrated notes

Levels and vault maps discovered:
D:1:      wander_arrival_abandoned_jail, layout_basic, grunt_decor_cap,
          minmay_ruptured
D:2:      layout_basic
D:3:      layout_basic, serial_bayou_crossing, uniq_ijyb

Skill      XL: |  1  2  3 |
---------------+----------+-----
Stealth        | 3 |  3.4
Earth Magic    | 4 |  4.0
Dodging        | 2 |  2.0
Conjurations   | 2 |  2.1
Spellcasting   | |  2.4

Action                     |  1- 3 |  4- 6 || total
---------------------------+-------+-------++-------
  Melee: Unarmed           |       |     5 ||     5
   Cast: Sandblast         |    48 |    26 ||    74
    Use: Potion            |       |     1 ||     1
 Armour: Robe              |     2 |     7 ||     9
  Dodge: Dodged            |     8 |    11 ||    19
